 Dungeon Crawl Stone Soup version 0.29.0-15-g675c0067aa (webtiles) character file.

Game seed: 55027357650963069

2 qw the Sneak (level 1, -1/14 HPs)
             Began as a Gargoyle Delver on Sept 11, 2022.
             Splashed by a jelly's acid (2 damage)
             ... on level 4 of the Dungeon.
             The game lasted 00:00:03 (170 turns).

qw the Sneak (Gargoyle Delver)                       Turns: 170, Time: 00:00:03

Health: -1/14      AC:  5    Str: 15    XL:     1   Next: 40%
Magic:  1/1        EV: 11    Int: 10    God:
Gold:   19         SH:  0    Dex: 11    Spells: 0/0 levels left

rFire   . . .      SeeInvis .   a - +0 hand axe
rCold   . . .      Faith    .   (no shield)
rNeg    + . .      Spirit   .   b - +0 leather armour
rPois   inf        Reflect  .   (no helmet)
rElec   +          Harm     .   (no cloak)
rCorr   .          Rampage  .   (no gloves)
Will    .....                   (no boots)
Stlth   +++.......              (no amulet)
HPRegen 0.04/turn               (no ring)
MPRegen 0.07/turn               (no ring)

@: no status effects
A: sickness immunity, AC +2, negative energy resistance 1, electricity
resistance, torment resistance 1, petrification resistance
a: no special abilities


You were on level 4 of the Dungeon.
You visited 1 branch of the dungeon, and saw 2 of its levels.

You collected 41 gold pieces.
You spent 22 gold pieces at shops.


Innate Abilities, Weirdness & Mutations

You are immune to sickness and miasma.
Your stone body is resilient. (AC +2)
You are immune to poison.
You resist negative energy. (rN+)
You are resistant to electric shocks. (rElec)
You are resistant to unholy torment.
You are immune to petrification.


   Skills:
 - Level 3.2 Fighting
 + Level 2.0 Axes
 - Level 1.5 Dodging
 - Level 5.4 Stealth


You couldn't memorise any spells.
You didn't know any spells.
Your spell library was empty.

Inventory:

Hand Weapons
 a - a +0 hand axe (weapon)
Armour
 b - a +0 leather armour (worn)
Wands
 g - a wand of digging (3)
Scrolls
 c - a scroll of identify
Potions
 f - a potion of haste

Dungeon Overview and Level Annotations

Branches:
Dungeon (5/15)
 Temple: D:4-7

Altars:

Shops:
D:4 ?


Message History

(2) D:5 Assign waypoint to what number? (0-9, D - delete waypoint) Waypoint 1 assigned to D:4.
The helpless dart slug fails to defend itself.
You hit the dart slug.
The dart slug is heavily wounded.
The dart slug bites you but does no damage.
You hit the dart slug.
The dart slug is almost dead.
You slash the dart slug!
You kill the dart slug!
Your Axes skill increases to level 2!
You now have 9 gold pieces.
You now have 23 gold pieces (gained 14).
You open the door.
There is an open door here.
You now have 41 gold pieces (gained 18).
There is an entrance to Syphiof's Magic Scroll Shoppe here.
Enter note:
Enter note:
102 ||| SHOPLISTING scroll of enchant weapon (82 gold, have 41).
You can access your shopping list by pressing '$'.
102 ||| BUYING scroll of identify (22 gold).
c - a scroll of identify Thank you for shopping at Syphiof's Magic Scroll Shoppe!
You can access your shopping list by pressing '$'.
102 ||| SHOPLISTING scroll of identify (22 gold, have 19).
You can access your shopping list by pressing '$'.
102 ||| SHOPLISTING scroll of teleportation (33 gold, have 19).
You can access your shopping list by pressing '$'.
A worm comes into view.
109 ||| Stepping ~*~*~tactically~*~*~ (stealth).
A jelly comes into view.
You barely miss the jelly. The jelly misses you. The jelly hits you.
You are splashed with acid.
You hit the jelly.
Your hands burn!
The jelly is lightly wounded.
The jelly hits you but does no damage.
You hit the jelly.
Your hands burn!
You die...

######..'......
#......##......
#.......+<....#
###.......#.....#
..........####+##
## #######...# ..
####...#
#.#####......#
#.J@.........#
#######......#
#......# ####.#.#
#.#.# #.#.#
#.#.### ###
#.#...# #..
#.###.# #.#


You could see a jelly.

Vanquished Creatures
  A dart slug (D:4)
1 creature vanquished.

Notes
Turn   | Place    | Note
-------+----------+-------------------------------------------
     0 | D:5      | qw the Gargoyle Delver began the quest for the Orb.
     0 | D:5      | Reached XP level 1. HP: 14/14 MP: 1/1
     0 | D:5      | 0 ||| qw: Version: 0.1-a-118-gb4e7ce6
     0 | D:5      | 0 ||| qw: Game counter: 10251
     0 | D:5      | 0 ||| qw: Always use a shield: true
     0 | D:5      | 0 ||| qw: God list: Okawaru
     0 | D:5      | 0 ||| qw: Allow faded altars: false
     0 | D:5      | 0 ||| qw: Do Orc after D:15 true
     0 | D:5      | 0 ||| qw: Do second Lair branch before Depths: true
     0 | D:5      | 0 ||| qw: Lair rune preference: random
     0 | D:5      | 0 ||| qw: Plans: Normal
     0 | D:5      | 0 ||| PLANNING D:1-11
     2 | D:5      | 2 ||| DROPPING scroll of fog.
     3 | D:5      | 3 ||| DROPPING scroll of magic mapping.
     4 | D:5      | 4 ||| DROPPING scroll of fear.
    97 | D:4      | Found Syphiof's Magic Scroll Shoppe.
   102 | D:4      | 102 ||| SHOPLISTING scroll of enchant weapon (82 gold, have
                  | 41).
   102 | D:4      | 102 ||| BUYING scroll of identify (22 gold).
   102 | D:4      | Bought a scroll of identify for 22 gold pieces
   102 | D:4      | 102 ||| SHOPLISTING scroll of identify (22 gold, have 19).
   102 | D:4      | 102 ||| SHOPLISTING scroll of teleportation (33 gold, have
                  | 19).
   109 | D:4      | 109 ||| Stepping ~*~*~tactically~*~*~ (stealth).
   157 | D:4      | Noticed a jelly
   169 | D:4      | HP: 1/14 [acid (5)]
   170 | D:4      | Splashed by a jelly's acid

Levels and vault maps discovered:
D:4:      layout_basic, serial_shops, shop
D:5:      layout_loops_corners, minmay_checkerbox

Skill      XL: |  1 |
---------------+----+-----
Axes           | 2 |  2.0
Fighting       | |  3.2
Dodging        | |  1.5
Stealth        | |  5.4

Action                   || total
-------------------------++-------
Melee: Hand axe          ||     6
 Stab: Sleeping          ||     1
Armor: Leather armour    ||     2
Dodge: Dodged            ||     1

Table legend:
 A = Non-vault XP
 B = Vault XP
 C = Vault XP percentage of total XP
 D = Non-vault monster count
 E = Vault monster count
 F = Vault count percentage of total count
                 A         B        C        D         E       F
            +---------+---------+-------+---------+---------+-------
      Total |       4 |       0 |   0.0 |       1 |       0 |   0.0
            +---------+---------+-------+---------+---------+-------
        D:4 |       4 |       0 |   0.0 |       1 |       0 |   0.0
            +---------+---------+-------+---------+---------+-------
